 Dungeon Crawl Stone Soup version 0.18.1-8-gdd0e5ea (webtiles) character file.

94 juanjsm the Insei (level 4, 0/28 HPs)
             Began as an Octopode Transmuter on June 7, 2016.
             Slain by a scorpion (10 damage)
             ... on level 4 of the Dungeon.
             The game lasted 00:11:16 (2365 turns).

juanjsm the Insei (Octopode Transmuter)             Turns: 2365, Time: 00:11:17

Health: 0/28       AC:  1    Str:  9    XL:     4   Next: 63%
Magic:  7/8        EV: 12    Int: 16    God:
Gold:   166        SH:  0    Dex: 12    Spells: 3 memorised, 2 levels left

rFire  . . .     SeeInvis .       - Unarmed
rCold  . . .     Gourm    +     (no shield)
rNeg   . . .     Faith    .     (helmet restricted)
rPois  .         Spirit   .     k - amulet of the gourmand
rElec  .         Dismiss  .     (no ring)
rCorr  .         Reflect  .     (no ring)
SustAt .         Harm     .     (no ring)
MR     .....                    (no ring)
Stlth  +++.......               (no ring)
                                (no ring)
                                (no ring)
                                (no ring)

@: exhausted, appendage, not resistant to hostile enchantments, fairly stealthy
A: almost no armour, amphibious, 8 rings, constrict 8, tentacle spike 3,
camouflage 1, gelatinous body 1
a: End Transformation


You were on level 4 of the Dungeon.
You were very full.
One of your tentacles had a temporary spike.
You visited 1 branch of the dungeon, and saw 4 of its levels.

You collected 166 gold pieces.

Inventory:

Missiles
 a - 55 arrows
 d - 10 poisoned needles
 j - 3 silver javelins (quivered)
 s - 12 sling bullets
Jewellery
 k - an amulet of the gourmand (around mantle)
Scrolls
 m - 5 scrolls of identify {unknown}
 n - 2 scrolls of teleportation {unknown}
 r - a scroll of magic mapping {unknown}
 t - a scroll of recharging {unknown}
 u - 4 scrolls of remove curse {unknown}
 w - 3 scrolls of fog {unknown}
Potions
 f - a potion of berserk rage
 g - a potion of degeneration {unknown}
 l - 3 potions of might {unknown}
 o - a potion of lignification {unknown}
 q - 4 potions of heal wounds {unknown}
Books
 b - a book of Changes

   Spells                             Type                      Level
   a - Beastly Appendage              Transmutation                1
   b - Sticks to Snakes               Transmutation                2
   c - Spider Form                    Transmutation/Poison         3
   d - Ice Form                       Ice/Transmutation            4
   e - Blade Hands                    Transmutation                5
 p - a book of Unlife

   Spells                             Type                      Level
   a - Recall                         Summoning/Translocation      3
   b - Animate Dead                   Necromancy                   4
   c - Control Undead                 Necromancy                   4
   d - Cigotuvi's Embrace             Necromancy                   5
   e - Death Channel                  Necromancy                   6
   f - Simulacrum                     Ice/Necromancy               6
Comestibles
 c - 2 bread rations
 h - 5 meat rations
 i - a beef jerky
 v - 3 chunks of flesh


   Skills:
 + Level 1.3 Fighting
 + Level 2.2 Dodging
 + Level 2.2 Stealth
 + Level 3.8 Unarmed Combat
 + Level 2.6 Spellcasting
 + Level 2.5 Transmutations


You had 2 spell levels left.
You knew the following spells:

 Your Spells              Type           Power        Failure   Level  Hunger
a - Beastly Appendage     Trmt           ##....       10%         1    #......
b - Sticks to Snakes      Trmt           ##......     12%         2    ##.....
c - Spider Form           Trmt/Pois      #.........   38%         3    ###....


Dungeon Overview and Level Annotations

Branches:
Dungeon (4/15)
 Temple: D:4-7

Altars:
Dithmenos
Fedhas
Pakellas
Qazlal
Yredelemnul


Innate Abilities, Weirdness & Mutations

You cannot wear most types of armour.
You are amphibious.
You can wear up to eight rings at the same time.
You can use your tentacles to constrict eight enemies at once.
Your skin changes colour to match your surroundings (Stealth).
Your rubbery body absorbs attacks (AC +1).
One of your tentacles bears a large vicious spike.


Message History

A scorpion comes into view.
You feel yourself speed up.
Found a blossoming altar of Fedhas.
Casting: Beastly Appendage
Confirm with . or Enter, or press ? or * to list all spells.
One of your tentacles grows a vicious spike.
You tentacle-slap the scorpion but do no damage.
You grab the scorpion.
You pierce the scorpion.
The scorpion is lightly wounded.
You constrict the scorpion, but do no damage.
The scorpion stings you!
You tentacle-slap the scorpion.
The scorpion is lightly wounded.
You constrict the scorpion, but do no damage.
The scorpion stings you.
You tentacle-slap the scorpion but do no damage.
You pierce the scorpion, but do no damage.
The scorpion is lightly wounded.
You constrict the scorpion. The scorpion stings you!
You die...

### ####### ...##.....##
##..#.###..#
)##..###################
................@s......
####.#...#...#...#(..#..
#..................._
#...#...#...#...#...#..
####...................
# ####################
..###.# ...#.# ....#.#
#...# #.....######..###


You could see a scorpion.

Vanquished Creatures
  2 adders
  An ooze (D:1)
  2 worms (D:2)
  A dart slug (D:2)
  3 giant geckos
  A ball python (D:1)
  7 giant cockroaches
  5 goblins
  8 hobgoblins
  3 jackals (D:1)
  5 bats
  5 giant newts
  9 kobolds
  A quokka skeleton (D:4)
  4 rats
57 creatures vanquished.

Vanquished Creatures (others)
  A rat (D:2)
1 creature vanquished.

Grand Total: 58 creatures vanquished

Notes
Turn   | Place    | Note
--------------------------------------------------------------
     0 | D:1      | juanjsm the Octopode Transmuter began the quest for the Orb.
     0 | D:1      | Reached XP level 1. HP: 13/13 MP: 3/3
   124 | D:1      | Reached XP level 2. HP: 16/18 MP: 3/5
   136 | D:1      | Learned a level 2 spell: Sticks to Snakes
   445 | D:1      | Reached skill level 1 in Stealth
   445 | D:1      | Reached XP level 3. HP: 16/23 MP: 4/6
   450 | D:1      | Learned a level 3 spell: Spider Form
  1386 | D:2      | Reached XP level 4. HP: 24/28 MP: 5/7
  1396 | D:2      | Found a shadowy altar of Dithmenos.
  2121 | D:2      | Found a stormy altar of Qazlal.
  2278 | D:4      | Found an oddly glowing altar of Pakellas.
  2288 | D:4      | Found a basalt altar of Yredelemnul.
  2361 | D:4      | Found a blossoming altar of Fedhas.
  2365 | D:4      | Slain by a scorpion

Skill      XL: |  1  2  3  4 |
---------------+-------------+-----
Stealth        | 1 2 |  2.2
Fighting       | |  1.3
Dodging        | |  2.2
Unarmed Combat | |  3.8
Spellcasting   | |  2.6
Transmutations | |  2.5

Action                   |  1- 3 |  4- 6 || total
-------------------------+-------+-------++-------
Melee: Unarmed           |    88 |    33 ||   121
       Constrict         |    20 |     8 ||    28
       Kick              |    14 |     6 ||    20
       Tentacles         |    13 |     6 ||    19
       Punch             |     3 |       ||     3
 Cast: Beastly Appendage |    27 |    11 ||    38
       Spider Form       |     3 |       ||     3
  Use: Potion            |       |     2 ||     2
 Stab: Sleeping          |     6 |     5 ||    11
       Distracted        |     1 |       ||     1
  Eat: Chunk             |    11 |     7 ||    18
Armor: Skin              |     9 |     2 ||    11
Dodge: Dodged            |    54 |    14 ||    68
